 Dungeon Crawl Stone Soup version 0.29.0-7-g18a832c13a (webtiles) character file.

Game seed: 4979531325015694742

2712 sanka the Grappler (level 9, -3/84 HPs)
             Began as a Troll Cinder Acolyte on Aug 31, 2022.
             Was a High Priest of Ignis.
             Killed from afar by a gargoyle (15 damage)
             ... with a stone arrow
             ... on level 7 of the Dungeon.
             The game lasted 00:09:33 (5408 turns).

sanka the Grappler (Troll Cinder Acolyte)           Turns: 5408, Time: 00:09:34

Health: -3/84      AC:  9    Str: 24    XL:     9   Next: 39%
Magic:  0/9        EV:  9    Int: 10    God:    Ignis [*****.]
Gold:   657        SH:  0    Dex:  9    Spells: 10/10 levels left

rFire   + . .      SeeInvis .     - Unarmed
rCold   . . .      Faith    .   (no shield)
rNeg    . . .      Spirit   +   a - +0 robe
rPois   .          Reflect  .   (helmet restricted)
rElec   .          Harm     .   p - +0 cloak
rCorr   .          Rampage  .   (gloves unavailable)
Will    .....                   (boots unavailable)
Stlth   +.........              G - amulet of guardian spirit
HPRegen 1.04/turn               t - ring of wizardry
MPRegen 0.11/turn               f - +4 ring of protection

@: no status effects
A: large, unfitting armour, claws 3, regeneration 1, shaggy fur 1, tough skin 1
a: Renounce Religion, Fiery Armour, Foxfire Swarm, Rising Flame


You were on level 7 of the Dungeon.
You worshipped Ignis.
Ignis was extremely pleased with you.
You visited 2 branches of the dungeon, and saw 8 of its levels.
You also visited: Ossuary.

You collected 717 gold pieces.
You spent 60 gold pieces at shops.


Innate Abilities, Weirdness & Mutations

You are too large for most types of armour.
You have claws for hands.
Your natural rate of healing is unusually fast.
You are covered in fur. (AC +1)
You have tough skin. (AC +1)


   Skills:
 + Level 4.2 Fighting
 + Level 12.5 Unarmed Combat
 - Level 1.0 Spellcasting
 - Level 2.1 Fire Magic


You had 10 spell levels left.
You didn't know any spells.
Your spell library contained the following spells:

 Spells                   Type           Power      Damage    Failure   Level
 Scorch                   Fire           8%         2d5       9%          2
 Dazzling Flash           Conj/Hex       0%         N/A       38%         3
 Summon Guardian Golem    Hex/Summ       0%         N/A       38%         3
 Flame Wave               Conj/Fire      2%         2d4       61%         4
 Animate Dead             Necr           0%         N/A       77%         4
 Agony                    Necr           0%         N/A       97%         5
 Silence                  Hex/Air        0%         N/A       97%         5
 Summon Cactus Giant      Summ           0%         N/A       100%        6
 Haunt                    Necr/Summ      0%         N/A       100%        7
 Orb of Destruction       Conj           0%         9d5       100%        7
 Spellforged Servitor     Conj/Summ      0%         N/A       100%        7
 Infestation              Necr           0%         N/A       100%        8

Inventory:

Missiles
 v - 4 large rocks {=f}
 x - 6 silver javelins
Armour
 a - a +0 robe (worn)
 p - a +0 cloak (worn)
Jewellery
 f - a +4 ring of protection (right claw)
 t - a ring of wizardry (left claw)
 u - a ring of flight
 z - an amulet of regeneration
 G - an amulet of guardian spirit (around neck)
Wands
 h - a wand of charming (7)
 H - a wand of roots (8)
Scrolls
 b - 3 scrolls of enchant weapon {unknown}
 g - 2 scrolls of vulnerability {unknown}
 k - a scroll of brand weapon {unknown}
 l - a scroll of enchant armour {unknown}
 m - 3 scrolls of identify {unknown}
 o - a scroll of noise {unknown}
 q - 3 scrolls of teleportation {unknown}
 s - 2 scrolls of poison {unknown}
 y - a scroll of butterflies {unknown}
 A - 2 scrolls of immolation {unknown}
 B - a scroll of summoning {unknown}
 C - a scroll of blinking {unknown}
Potions
 c - a potion of degeneration {unknown}
 d - 3 potions of cancellation {unknown}
 e - 7 potions of curing {unknown}
 i - 2 potions of heal wounds {@q2}
 j - 2 potions of brilliance {unknown}
 n - 2 potions of mutation {unknown}
 r - 4 potions of attraction {unknown}
 w - a potion of resistance {unknown}
 D - 2 potions of ambrosia {unknown}
 E - 2 potions of haste {unknown}
 F - a potion of might {unknown}

Dungeon Overview and Level Annotations

Branches:
Dungeon (7/15)             Temple (1/1) D:6         Ossuary (visited)

Altars:
Ashenzari
Cheibriados
Dithmenos
Elyvilon
Fedhas
Gozag
Hepliaklqana
Makhleb
Nemelex Xobeh
Okawaru
Qazlal
Ru
Sif Muna
Trog
Uskayaw
Vehumet
Wu Jian
Xom
Yredelemnul
The Shining One

Shops:
D:2 ! D:7

[ .▒▒▒▒▒▒▒▒▒▒▒▒▒.......▒▒....
......................[....
▒▒▒▒▒▒.▒.....▒▒▒▒▒▒▒.▒▒▒▒....
.........▒.▒.▒▒▒▒▒▒▒.▒ ▒....
.........▒...▒.......▒ ▒....
.....∩...).......▒▒▒▒▒ ▒.▒▒▒
▒........▒.....▒.▒ ▒.▒
.......).▒▒.▒▒▒▒.▒ ▒.▒
.........▒▒8T..▒.▒ ▒.▒
..........▒▒▒▒.▒.▒ ▒.▒▒▒
........▒..▒...▒.▒▒▒▒ ▒....
........▒▒.▒........▒ ▒▒▒▒▒
▒.......▒▒.▒........▒ ▒
............▒.......▒▒▒▒ ▒
▒▒▒▒...▒.▒▒▒▒.....>...
▒...▒.▒ ▒...(.....▒ ▒...▒.▒
▒.........▒


You could see a gargoyle.


Message History

The gargoyle is lightly damaged.
You claw the gargoyle!
You claw the gargoyle, but do no damage.
The gargoyle is severely damaged.
The gargoyle hits you with a +0 morningstar of protection!!
* * * LOW HITPOINT WARNING * * *
You scratch the gargoyle but do no damage.
Your claw misses the gargoyle.
The gargoyle is severely damaged.
The gargoyle barely misses you.
You barely miss the gargoyle.
You claw the gargoyle, but do no damage.
The gargoyle is severely damaged.
The gargoyle hits you with a +0 morningstar of protection!
* * * LOW HITPOINT WARNING * * *
You barely miss the gargoyle.
The gargoyle is severely damaged.
You scratch the gargoyle but do no damage.
The gargoyle is severely damaged.
The gargoyle barely misses you.
You barely miss the gargoyle.
The gargoyle is severely damaged.
The gargoyle hurls a stone arrow at you.
The stone arrow misses you.
Okay, then.
You closely miss the gargoyle.
The gargoyle is severely damaged.
The gargoyle hurls a stone arrow at you.
The stone arrow hits you!
You die...

Action                   |  1- 3 |  4- 6 |  7- 9 || total
-------------------------+-------+-------+-------++-------
Melee: Unarmed           |   116 |    89 |   201 ||   406
       Punch             |     2 |     1 |     5 ||     8
Armor: Robe              |    73 |    24 |    67 ||   164
Dodge: Dodged            |    61 |    31 |    71 ||   163

Levels and vault maps discovered:
D:1:      lightli_arrival_noodles, layout_loops_ring
D:2:      layout_rooms, serial_shops, nicolae_shop_statue_plus,
          palyth_stone_intersect, dk_noncrumbling_4
D:3:      layout_rooms, nicolae_overflow_hidden_temple,
          shapermc_ecumenical_altar_acropolis, minivault_24
D:4:      layout_basic, nicolae_elevator_lobby_plus
D:5:      layout_layer_cave, chequers_serial_rivers_micro_c, uniq_pikel,
          uniq_crazy_yiuf_cottage
D:6:      layout_rooms, minmay_temple_entry_mist, ebering_ghost_reflecting_pool,
          nicolae_ossuary_entry_false_entrances
D:7:      layout_basic, serial_shops, shop, kb_rosetta
Temple:   nicolae_temple_bog_church

Notes
Turn   | Place    | Note
-------+----------+-------------------------------------------
     0 | D:1      | sanka the Troll Cinder Acolyte began the quest for the Orb.
     0 | D:1      | Reached XP level 1. HP: 22/22 MP: 1/1
   214 | D:1      | Reached XP level 2. HP: 29/29 MP: 2/2
   724 | D:2      | Noticed an ogre
   767 | D:2      | Reached skill level 4 in Unarmed Combat
  1016 | D:2      | Found Dyotutin's Distillery.
  1024 | D:2      | Bought a potion of heal wounds for 60 gold pieces
  1047 | D:2      | Reached XP level 3. HP: 36/36 MP: 3/3
  1287 | D:3      | Found a faded altar of an unknown god.
  1368 | D:3      | Reached XP level 4. HP: 44/44 MP: 4/4
  1415 | D:3      | Reached skill level 5 in Unarmed Combat
  1561 | D:3      | Reached XP level 5. HP: 30/50 MP: 5/5
  1586 | D:4      | Reached skill level 6 in Unarmed Combat
  1694 | D:5      | Entered Level 5 of the Dungeon
  1795 | D:5      | Noticed a lemure
  1816 | D:5      | Killed a lemure
  1827 | D:5      | Noticed a lemure
  1827 | D:5      | Noticed a lemure
  1828 | D:5      | Noticed Pikel
  1849 | D:5      | Killed a lemure
  1861 | D:5      | Killed a lemure
  1906 | D:5      | Found a runed translucent door.
  1907 | D:5      | Noticed Crazy Yiuf
  1916 | D:5      | Killed Crazy Yiuf
  2000 | D:5      | Noticed a lemure
  2025 | D:5      | Killed a lemure
  2290 | D:5      | Killed Pikel
  2291 | D:5      | Reached skill level 8 in Unarmed Combat
  2291 | D:5      | Reached XP level 6. HP: 23/59 MP: 6/6
  2291 | D:5      | Reached XP level 7. HP: 26/66 MP: 7/7
  2399 | D:5      | Reached skill level 9 in Unarmed Combat
  2935 | D:4      | Reached skill level 10 in Unarmed Combat
  2935 | D:4      | Reached XP level 8. HP: 65/74 MP: 8/8
  3342 | D:3      | Found a sparkling altar of Nemelex Xobeh.
  3342 | D:3      | Found a shimmering blue altar of Sif Muna.
  3342 | D:3      | Found a stormy altar of Qazlal.
  3342 | D:3      | Found a sacrificial altar of Ru.
  4166 | D:6      | Found a staircase to the Ecumenical Temple.
  4238 | D:6      | Found a sand-covered staircase.
  4255 | Ossuary  | Entered an ossuary
  4271 | Ossuary  | Reached skill level 11 in Unarmed Combat
  4710 | D:6      | Reached skill level 3 in Fighting
  4710 | D:6      | Reached skill level 12 in Unarmed Combat
  4710 | D:6      | Reached XP level 9. HP: 63/81 MP: 9/9
  4753 | D:6      | Found a runed translucent door.
  4757 | D:6      | Noticed nmsoi's ghost (novice GnWn)
  4889 | D:6      | Killed nmsoi's ghost
  4969 | Temple   | Entered the Ecumenical Temple
  5299 | D:7      | Reached skill level 4 in Fighting
  5374 | D:7      | Found Puuwa's Armour Emporium.
  5381 | D:7      | Noticed a gargoyle
  5408 | D:7      | Killed from afar by a gargoyle

Vanquished Creatures
  Pikel (D:5)
  The ghost of nmsoi the Thaumaturge, a novice GnWn (D:6)
  A steam dragon (D:6)
  3 water moccasins
  An orc warrior (D:7)
  2 ice beasts
  A black bear (D:7)
  A centaur (D:6)
  An ogre (D:2)
  4 lemures (D:5)
  A phantom (D:6)
  A necrophage (D:4)
  A bullfrog (D:7)
  A howler monkey (D:4)
  3 hounds
  Crazy Yiuf (D:5)
  A gnoll bouda (D:3)
  A jelly (D:4)
  6 iguanas
  8 mummies (Ossuary)
  7 gnolls
  4 adders
  A shadow imp (D:6)
  A white imp (D:7)
  An ufetubus (D:4)
  A worm (D:5)
  3 dart slugs
  3 orcs
  8 bats
  4 endoplasms
  3 giant cockroaches
  A gnoll zombie (Ossuary)
  4 goblins
  3 hobgoblins
  6 jackals
  4 quokkas
  4 ball pythons
  7 frilled lizards
  A hobgoblin zombie (Ossuary)
  8 kobolds
  3 kobold zombies (Ossuary)
  3 orc zombies (Ossuary)
  6 rats
126 creatures vanquished.

Vanquished Creatures (others)
  A fungus (D:3)
  3 plants (D:3)
4 creatures vanquished.

Grand Total: 130 creatures vanquished
